 Dungeon Crawl Stone Soup version 0.30-a0-808-g6e0788376e (webtiles) character file.

Game seed: 1353191874041892528

641823 Zonian the Warrior (level 27, -5/161 HPs)
             Began as a Vine Stalker Brigand on Feb 19, 2023.
             Was a High Priest of Ashenzari.
             Killed from afar by Maorghuc the pandemonium lord (27 damage)
             ... with a great icy blast
             ... on level 8 of a ziggurat on Feb 26, 2023.
             The game lasted 07:05:00 (81878 turns).

Zonian the Warrior (Vine Stalker Brigand)          Turns: 81878, Time: 07:05:00

Health: -5/161     AC: 26    Str: 18    XL:     27
Magic:  0/62       EV: 22    Int: 17    God:    Ashenzari [*****.]
Gold:   4372       SH: 18    Dex: 22    Spells: 0/66 levels left

rFire   + + .      SeeInvis +    c - +8 autumn katana {manifold assault}
rCold   + . .      Faith    .    P - +4 kite shield of the Tethered Prison {reflect, Bglg, Cun} (curse)
rNeg    + . .      Spirit   +    O - +4 moon troll leather armour {Spirit, Regen++ MP+5, Melee, Evo} (curse)
rPois   +          Reflect  +    U - +0 helmet of the Fated Fetters {Alch, Melee} (curse)
rElec   +          Harm     .    k - +2 cloak of the Fated Awkwardness {rCorr, Melee, Range} (curse)
rCorr   +          Rampage  .    S - +3 pair of gauntlets of War {Slay+5, Bglg, Cun} (curse)
Will    +++..      Clarity  +    R - +0 pair of boots "Shattered With Me" {Drain rElec rPois rN+, Fort, Bglg} (curse)
Stlth   +++++++                  z - amulet of Ashenzari's Disgust {rPois rF+ Regen+ Int+2, Range, Self} (curse)
HPRegen 3.66/turn                K - ring "I Foresaw This" {AC+4, Range, Bglg} (curse)
MPRegen 0.38/turn                u - ring "Shame of Ashenzari" {MP+9, Alch, Elem} (curse)

@: resistant, frozen, portalling projectiles, very slightly contaminated,
studying 2 skills, very slow
A: fangs 3, regeneration 1, magic shield, antimagic bite, no potion heal 2
}: 4/15 runes: barnacled, slimy, silver, gossamer
a: Renounce Religion, Curse Item, Shatter the Chains


You were on level 8 of a ziggurat.
You worshipped Ashenzari.
Ashenzari was extremely pleased with you.
You visited 12 branches of the dungeon, and saw 55 of its levels.
You visited the Abyss 1 time.
You visited 1 bazaar.
You visited 1 ziggurat, and saw 8 of its levels.
You also visited: Trove and Bailey.

You collected 11771 gold pieces.
You spent 7399 gold pieces at shops.

Inventory:

Hand Weapons
 c - the +8 autumn katana (weapon) {manifold assault}
   (You bought it in a shop on level 1 of the Vaults)

   Manifold Assault: It sometimes launches melee attacks against multiple
   visible enemies.
 d - the +8 long sword of Imbalance {heavy, +Blink Fly rF+ rN+}
   (You found it on level 4 of the Depths)

   rF:        It protects you from fire.
   rN:        It protects you from negative energy.
   Fly:       It grants you flight.
   +Blink:    It lets you blink.
 e - the +16 obsidian axe {drain, demonic, Mesm Drain Fly SInv}
   (You found it on level 3 of a ziggurat)

   Mesm:      Its wielder is mesmerised by any visible foes, and it cannot be
   unequipped while any foes are visible.
   SInv:      It lets you see invisible.
   Fly:       It grants you flight.
   Drain:     It drains your maximum health when unequipped.
 C - the +7 dagger "Wexaagrutocs" {spect, rF+ Will+ Int-5}
   (You found it on level 5 of the Dungeon)

   Int:       It affects your intelligence (-5).
   rF:        It protects you from fire.
   Will:      It increases your willpower.
 D - a +9 heavy hand crossbow
 L - the +2 hand axe of Darkness {freeze, rElec rF+++ rC- Dex+3}
   (You found it on level 7 of a ziggurat)

   Dex:       It affects your dexterity (+3).
   rF:        It renders you almost immune to fire.
   rC:        It makes you vulnerable to cold.
   rElec:     It insulates you from electricity.
Missiles
 b - 8 throwing nets
 r - 11 boomerangs of dispersal
 y - 6 curare-tipped darts
 A - 4 silver javelins
Armour
 k - the cursed +2 cloak of the Fated Awkwardness (worn) {rCorr, Melee, Range}
   (You found it on level 5 of the Vaults)

   It has a curse which improves the following skills: Melee Combat: Short
   Blades, Long Blades, Axes, Maces & Flails, Polearms, Staves and Unarmed
   Combat.
   Ranged Combat: Ranged Weapons and Throwing.
 O - the cursed +4 moon troll leather armour (worn) {Spirit, Regen++ MP+5, Melee, Evo}
   (You took it off a deep elf demonologist on level 3 of the Elven Halls)

   MP:        It affects your magic capacity (+5).
   Regen:     It increases your rate of health regeneration.
   It has a curse which improves the following skills: Melee Combat: Short
   Blades, Long Blades, Axes, Maces & Flails, Polearms, Staves and Unarmed
   Combat.
   Evocations: Evocations.
 P - the cursed +4 kite shield of the Tethered Prison (worn) {reflect, Bglg, Cun}
   (You took it off Donald on level 4 of the Spider Nest)

   It has a curse which improves the following skills: Beguiling: Conjurations,
   Hexes and Translocations.
   Cunning:   Dodging and Stealth.
 R - the cursed +0 pair of boots "Shattered With Me" (worn) {Drain rElec rPois rN+, Fort, Bglg}
   (You acquired it on level 4 of the Vaults)

   rElec:     It insulates you from electricity.
   rPois:     It protects you from poison.
   rN:        It protects you from negative energy.
   Drain:     It drains your maximum health when unequipped.
   It has a curse which improves the following skills: Fortitude: Armour and
   Shields.
   Beguiling: Conjurations, Hexes and Translocations.
 S - the cursed +3 pair of gauntlets of War (worn) {Slay+5, Bglg, Cun}
   (You found it on level 9 of the Dungeon)

   Slay:      It affects your accuracy & damage with ranged weapons and melee
   (+5).
   It has a curse which improves the following skills: Beguiling: Conjurations,
   Hexes and Translocations.
   Cunning:   Dodging and Stealth.
 U - the cursed +0 helmet of the Fated Fetters (worn) {Alch, Melee}
   (You found it on level 2 of the Lair of Beasts)

   It has a curse which improves the following skills: Alchemy: Poison Magic and
   Transmutations.
   Melee Combat: Short Blades, Long Blades, Axes, Maces & Flails, Polearms,
   Staves and Unarmed Combat.
Jewellery
 j - the amulet "Pialirphu" {RegenMP Fragile rCorr Int+7 Dex+2}
   (You acquired it on level 3 of a ziggurat)

   [amulet of magic regeneration]

   It increases your rate of magic regeneration.
   Int:       It affects your intelligence (+7).
   Dex:       It affects your dexterity (+2).
   rCorr:     It protects you from acid and corrosion.
   Fragile:   It will be destroyed if unequipped.
 u - the cursed ring "Shame of Ashenzari" (right hand) {MP+9, Alch, Elem}
   (You found it on level 3 of the Dungeon)

   [ring of magical power]

   MP:        It affects your magic capacity (+9).
   It has a curse which improves the following skills: Alchemy: Poison Magic and
   Transmutations.
   Elements:  Fire Magic, Ice Magic, Air Magic and Earth Magic.
 x - a +6 ring of dexterity
 z - the cursed amulet of Ashenzari's Disgust (around neck) {rPois rF+ Regen+ Int+2, Range, Self}
   (You acquired it on level 5 of the Lair of Beasts)

   [amulet of regeneration]

   Int:       It affects your intelligence (+2).
   rF:        It protects you from fire.
   rPois:     It protects you from poison.
   Regen:     It increases your rate of health regeneration.
   It has a curse which improves the following skills: Ranged Combat: Ranged
   Weapons and Throwing.
   Introspection: Fighting and Spellcasting.
 K - the cursed ring "I Foresaw This" (left hand) {AC+4, Range, Bglg}
   (You found it on level 7 of the Dungeon)

   [ring of protection]

   AC:        It affects your AC (+4).
   It has a curse which improves the following skills: Ranged Combat: Ranged
   Weapons and Throwing.
   Beguiling: Conjurations, Hexes and Translocations.
Wands
 f - a wand of iceblast (11)
 E - a wand of light (12)
 F - a wand of flame (32)
 T - a wand of digging (14)
 V - a wand of mindburst (22)
Scrolls
 i - 20 scrolls of teleportation
 p - 17 scrolls of poison
 B - 4 scrolls of fear
 H - 4 scrolls of summoning
 I - 6 scrolls of fog
 J - 7 scrolls of silence
 Q - 7 scrolls of blinking
Potions
 a - 7 potions of ambrosia
 h - 11 potions of brilliance
 l - 2 potions of mutation
 m - 5 potions of invisibility
 n - 34 potions of curing
 q - 3 potions of magic
 s - 2 potions of resistance
 t - 5 potions of might
 G - 6 potions of berserk rage
 M - 7 potions of haste
 N - 2 potions of cancellation
Miscellaneous
 g - a phial of floods
 o - a lightning rod (4/4)
 v - a phantom mirror
 w - a box of beasts
 W - a condenser vane (inert)
 X - the horn of Geryon
 Z - a tin of tremorstones (2/2)


   Skills:
 - Level 20.1(22.1) Fighting
 - Level 10.0(15.5) Short Blades
 - Level 9.2(15.0) Long Blades
 - Level 13.5(18.0) Ranged Weapons
 - Level 6.5(11.0) Throwing
 - Level 12.1(14.3) Armour
 - Level 11.5(15.0) Dodging
 - Level 14.6(18.0) Stealth
 - Level 9.6(12.0) Shields
 - Level 17.8(20.0) Spellcasting
 - Level 13.9(19.3) Conjurations
 - Level 4.9(10.0) Hexes
 - Level 8.5 Summonings
 - Level 4.1(9.0) Translocations
 - Level 12.2(15.6) Transmutations
 - Level 15.8(18.0) Fire Magic
 - Level 13.7(16.0) Air Magic
 + Level 0.9(2.2) Earth Magic
 - Level 4.7(8.0) Poison Magic
 - Level 15.8(18.0) Evocations


You couldn't memorise any spells.
You knew the following spells:

 Your Spells              Type           Power      Damage    Failure   Level
a - Blink                 Tloc           94%        N/A       1%          2
b - Wereblood             Tmut           63%        N/A       1%          2
c - Swiftness             Air            63%        N/A       1%          3
d - Flame Wave            Conj/Fire      69%        2d16      1%          4
e - Fireball              Conj/Fire      34%        3d14      1%          5
f - Mephitic Cloud        Conj/Pois/Air  60%        N/A       1%          3
g - Airstrike             Air            31%        2d(5-21)  1%          4
h - Fulminant Prism       Conj/Hex       30%        3d15      1%          4
i - Irradiate             Conj/Tmut      33%        3d22      1%          5
j - Portal Projectile     Hex/Tloc       98%        N/A       1%          3
k - Summon Lightning Spi  Summ/Air       56%        N/A       1%          4
l - Silence               Hex/Air        28%        N/A       1%          5
m - Lightning Bolt        Conj/Air       33%        1d51      1%          5
n - Summon Forest         Summ/Tloc      23%        N/A       5%          5
o - Statue Form           Tmut/Erth      31%        N/A       26%         6
p - Iron Shot             Conj/Erth      26%        9d6       13%         6

Your spell library contained the following spells:

 Spells                   Type           Power      Damage    Failure   Level
 Beastly Appendage        Tmut           100%       N/A       0%          1
 Shock                    Conj/Air       100%       1d9       0%          1
 Scorch                   Fire           100%       2d10      0%          2
 Apportation              Tloc           94%        N/A       1%          1
 Kiss of Death            Conj/Necr      100%       2d13      1%          1
 Slow                     Hex            100%       N/A       1%          1
 Sting                    Tmut/Pois      100%       1d8       1%          1
 Summon Small Mammal      Summ           100%       N/A       1%          1
 Cigotuvi's Dreadful Rot  Necr/Pois/Air  88%        N/A       1%          2
 Ensorcelled Hibernation  Hex/Ice        68%        N/A       1%          2
 Lesser Beckoning         Tloc           94%        N/A       1%          2
 Momentum Strike          Conj/Tloc      100%       3d10      1%          2
 Passwall                 Tmut/Erth      39%        N/A       1%          2
 Poisonous Vapours        Pois/Air       100%       N/A       1%          2
 Call Canine Familiar     Summ           46%        N/A       1%          3
 Confusing Touch          Hex            50%        N/A       1%          3
 Gell's Gravitas          Tloc           47%        N/A       1%          3
 Hailstorm                Conj/Ice       50%        3d11      1%          3
 Ignite Poison            Fire/Tmut/Pois 59%        N/A       1%          3
 Inner Flame              Hex/Fire       59%        N/A       1%          3
 Kindle Blastsparks       Fire/Tloc/Air  100%       2d18      1%          3
 Spider Form              Tmut/Pois      55%        N/A       1%          3
 Stone Arrow              Conj/Erth      100%       3d13      1%          3
 Summon Guardian Golem    Hex/Summ       48%        N/A       1%          3
 Teleport Other           Tloc           47%        N/A       1%          3
 Tukima's Dance           Hex            50%        N/A       1%          3
 Vhi's Electric Charge    Tloc/Air       100%       N/A       1%          3
 Iskenderun's Mystic Bla  Conj/Tloc      60%        2d13      1%          4
 Manifold Assault         Tloc           47%        N/A       1%          4
 Passage of Golubria      Tloc           47%        N/A       1%          4
 Petrify                  Tmut/Erth      47%        N/A       1%          4
 Sticky Flame             Conj/Fire      69%        2d8       1%          4
 Alistair's Intoxication  Tmut/Pois      36%        N/A       1%          5
 Arcjolt                  Conj/Air       33%        1d43      1%          5
 Blade Hands              Tmut           31%        N/A       1%          5
 Freezing Cloud           Conj/Ice/Air   27%        6-21      1%          5
 Iskenderun's Battlesphe  Conj           70%        2d12      1%          5
 Yara's Violent Unravell  Hex/Tmut       28%        3d12      1%          5
 Conjure Ball Lightning   Conj/Air       33%        3x3d11    1%          6
 Orb of Destruction       Conj           35%        9d10      1%          7
 Sandblast                Erth           48%        2d12      2%          1
 Ice Form                 Ice/Tmut       44%        N/A       2%          4
 Olgreb's Toxic Radiance  Pois           44%        N/A       2%          4
 Summon Mana Viper        Hex/Summ       48%        N/A       4%          5
 Leda's Liquefaction      Hex/Erth       18%        N/A       5%          4
 Freeze                   Ice            72%        1d8       6%          1
 Necrotise                Necr           68%        1d7       7%          1
 Animate Armour           Summ/Erth      70%        N/A       8%          4
 Anguish                  Hex/Necr       17%        N/A       9%          4
 Eringya's Noxious Bog    Tmut/Pois      27%        N/A       9%          6
 Sublimation of Blood     Necr           17%        N/A       11%         2
 Summon Ice Beast         Ice/Summ       32%        N/A       11%         4
 Frozen Ramparts          Ice            36%        1d6       19%         3
 Ozocubu's Armour         Ice            18%        N/A       19%         3
 Spellforged Servitor     Conj/Summ      29%        N/A       19%         7
 Vampiric Draining        Necr           17%        2d7       21%         3
 Metabolic Englaciation   Hex/Ice        17%        N/A       24%         5
 Dispersal                Tloc           23%        N/A       26%         6
 Summon Cactus Giant      Summ           23%        N/A       32%         6
 Maxwell's Capacitive Co  Air            31%        ∞         54%         8
 Animate Dead             Necr           17%        N/A       56%         4
 Lee's Rapid Deconstruct  Erth           12%        3d8*      61%         5
 Enfeeble                 Hex            25%        N/A       67%         7
 Borgnjor's Vile Clutch   Necr/Erth      10%        N/A       77%         5
 Malign Gateway           Summ/Tloc      23%        N/A       85%         7
 Summon Hydra             Summ           23%        N/A       87%         7
 Fire Storm               Conj/Fire      34%        8d9       97%         9
 Death Channel            Necr           8%         N/A       100%        6
 Simulacrum               Ice/Necr       8%         N/A       100%        6
 Haunt                    Necr/Summ      15%        N/A       100%        7
 Ozocubu's Refrigeration  Ice            9%         4d9       100%        7
 Borgnjor's Revivificati  Necr           8%         N/A       100%        8
 Disjunction              Tloc           23%        N/A       100%        8
 Infestation              Necr           8%         N/A       100%        8
 Necromutation            Tmut/Necr      21%        N/A       100%        8
 Summon Horrible Things   Summ           23%        N/A       100%        8
 Death's Door             Necr           8%         N/A       100%        9
 Polar Vortex             Ice            9%         N/A       100%        9


Dungeon Overview and Level Annotations

Branches:
Dungeon (15/15)            Temple (0/1) D:7            Lair (5/5) D:9
 Shoals (4/4) Lair:3       Spider (4/4) Lair:3        Slime (5/5) Lair:5
    Orc (2/2) D:11            Elf (3/3) Orc:2        Vaults (5/5) D:14
  Crypt (3/3) Vaults:2       Tomb (0/3) Crypt:3      Depths (4/4) D:15
   Hell (visited)             Dis (0/7) Hell            Geh (0/7) Hell
    Coc (0/7) Hell            Tar (0/7) Hell            Zot (4/5) Depths:4
 Bailey (visited)

Altars:
Ashenzari
Cheibriados
Elyvilon
Fedhas
Gozag
Hepliaklqana
Kikubaaqudgha
Makhleb
Nemelex Xobeh
Okawaru
Ru
Trog
Vehumet
Wu Jian
Yredelemnul
Zin
The Shining One
Jiyva
Lugonu

Shops:
D:4 :   D:7 ?((   D:11 [   Orc:1 **   Orc:2 :?*[   Elf:3 :   Shoals:1 *
Shoals:2 (   Vaults:1 (   Vaults:5 ????!

Portals:
Hell: Depths:1 Depths:2 Depths:3 Depths:4
Abyss: Shoals:1 Depths:1 Depths:3 Depths:4
Pandemonium: Depths:2

Annotations:
Lair:1 exclusion: oklob plant
Lair:3 exclusion: oklob plant
Shoals:1 1 runed translucent door
Vaults:4 2 runed translucent doors, Reyb's ghost, veteran DsGl
Zot:3 2 transporters


Innate Abilities, Weirdness & Mutations

You have razor-sharp teeth.
Your natural rate of healing is unusually fast.
When hurt, damage is shared between your health and your magic reserves.
Your bite disrupts and absorbs the magic of your enemies.
Potions cannot restore your health.


Message History

Maorghuc gestures at you. You resist with almost no effort.
You slash the brown ugly thing!
You kill the brown ugly thing!
You are standing in a thunderstorm.
You are struck by lightning!
You resist. Maorghuc kicks you!
The brown very ugly thing basks in your mutagenic energy and changes!
The white very ugly thing attacks as you move away!
You block the white very ugly thing's attack.
The cyan very ugly thing basks in the mutagenic energy from its kin and changes!
You block Maorghuc's attack.
You see here a +1 battleaxe of electrocution.
Maorghuc attacks as you move away! Maorghuc closely misses you.
Maorghuc gestures at you.
Maorghuc conjures a mighty blast of ice!
The great icy blast engulfs the purple very ugly thing!!!
The purple very ugly thing partially resists.
The purple very ugly thing is flash-frozen.
The great icy blast engulfs you!!! You partially resist.
You are encased in ice.
The purple very ugly thing is engulfed in freezing vapours.
You block the purple very ugly thing's attack.
Maorghuc kicks you but does no damage.
There is a stone staircase leading down here.
You see here a scroll of vulnerability.
Unknown command.
You can't go up here!
Unknown command.
Magic courses through your body.
You are engulfed in freezing vapours.
You resist. Maorghuc gestures at you.
Maorghuc conjures a mighty blast of ice!
The great icy blast engulfs you!!! You partially resist.
* * * LOW HITPOINT WARNING * * *
The purple very ugly thing is engulfed in freezing vapours.
The purple very ugly thing misses you. Maorghuc gestures at you.
Maorghuc conjures a mighty blast of ice!
The great icy blast engulfs you!!! You partially resist.
You die...

▓▓▓▓▓▓▓▓▓▓▓
▓▓........§▓▓
▓▓)......§§§.▓▓
▓▓$[....§°.§☼..▓▓
▓▓§§u...°°☼☼§☼...▓▓
▓§@&uD..§☼.☼§☼..∩.▓
▓▓uu§§..°§§°☼☼...▓▓
▓▓§§§...°..§°..▓▓
▓▓.....☼○☼○☼.▓▓
▓▓.....°.§☼▓▓
▓▓▓▓▓▓▓▓▓▓▓


You could see Maorghuc (fast, clouds, misshapen), a shadow dragon and 4 very
ugly things.

Vanquished Creatures
  the Royal Jelly (Slime:5)
  4 ancient liches
  3 juggernauts
  Sojobo (Vaults:2)
  Frederick (Crypt:1)
  Saint Roka (Vaults:3)
  Vv (Crypt:2)
  Geryon (Hell)
  4 curse toes
  10 golden dragons
  3 bone dragons
  2 doom hounds (Depths:3)
  7 electric golems
  Zenata (Vaults:1)
  9 liches
  Rupert (D:13)
  12 tentacled monstrosities
  Asterion (Spider:2)
  6 quicksilver dragons
  4 deep elf blademasters
  6 titans (Vaults:5)
  3 deep elf master archers
  6 ancient champions
  The ghost of Muuss the Thaumaturge, an adept GnHW of Ashenzari (Lair:4)
  Grunn (Depths:3)
  30 acid blobs
  5 death cobs
  5 sphinxes
  16 shadow dragons
  Kirke (D:15)
  Frances (Spider:1)
  5 draconian monks
  10 tengu reavers
  8 rockslimes
  Donald (Spider:4)
  16 storm dragons
  2 revenants
  3 azure jellies (Slime:5)
  15 fire giants
  5 emperor scorpions
  9 deep elf sorcerers
  A draconian knight (Zot:1)
  4 iron dragons
  3 balrugs
  10 frost giants
  Aizul (Elf:1)
  18 vault wardens
  A caustic shrike zombie (Crypt:1)
  6 ghost moths
  A shard shrike simulacrum (Hell)
  Louise (Elf:3)
  3 curse skulls
  7 deep elf elementalists (Elf:3)
  6 draconian scorchers
  4 draconian shifters
  2 draconian stormcallers
  4 ghouls (Crypt:3)
  8 war gargoyles
  2 draconian annihilators (Zot:1)
  4 reapers
  11 quicksilver oozes
  16 ironbound preservers
  5 orc warlords
  29 very ugly things
  2 vampire knights
  8 ironbound thunderhulks
  3 juggernaut skeletons
  14 stone giants
  15 green draconians
  Nessos (D:15)
  9 black draconians
  13 deep elf demonologists
  8 purple draconians
  10 yellow draconians
  2 putrid mouths (Depths:3)
  9 white draconians
  6 deep elf death magi
  12 deep elf annihilators
  9 dire elephants
  An iron golem (Hell)
  6 red draconians
  5 spark wasps (Depths:2)
  6 statues (Depths:3)
  4 blizzard demons
  7 fire dragons
  8 ettins
  4 eidola
  2 merfolk javelineers
  8 entropy weavers
  9 merfolk impalers
  9 jiangshi
  2 crystal guardians (Vaults:2)
  13 deep elf high priests
  A spriggan zombie (Hell)
  7 hydras
  10 great orbs of eyes
  16 yaktaur captains
  A fenstrider witch zombie (Hell)
  4 salamander tyrants (Depths:3)
  A catoblepas (D:13)
  32 vault guards
  A hydra (shapeshifter) (Vaults:3)
  7 ice dragons
  2 spriggan skeletons
  A merfolk avatar (Shoals:3)
  11 centaur warriors
  A jorogumo (Spider:1)
  4 ogre magi
  3 rakshasas (Depths:3)
  7 spriggan air magi
  3 alligator snapping turtles
  A fenstrider witch skeleton (Hell)
  7 ironbound frosthearts
  4 peacekeepers
  A satyr (Shoals:4)
  2 death knights
  14 two-headed ogres
  25 dancing weapons
  6 death scarabs
  A merfolk aquamancer (Shoals:4)
  8 boulder beetles
  A two-headed ogre (shapeshifter) (Vaults:5)
  15 death yaks
  4 deep troll shamans
  6 deep troll earth magi
  5 hell hogs
  8 vampire magi
  A thrashing horror (Abyss:2)
  13 tengu warriors
  17 spriggan berserkers
  7 hell knights (Hell)
  An orc high priest (Elf:3)
  2 naga sharpshooters (Zig:7)
  11 soul eaters
  18 sun demons
  A skyshark (shapeshifter) (Vaults:5)
  17 deep elf knights
  11 iron trolls
  2 spriggans (Depths:3)
  A wretched star (Abyss:2)
  A storm dragon zombie (Crypt:2)
  A fire crab (Lair:4)
  20 skeletal warriors
  10 pharaoh ants
  A sixfirhy (Abyss:2)
  5 shadow wraiths
  5 sea snakes
  8 skysharks
  An iron giant zombie (Crypt:3)
  65 deep trolls
  2 glowing orange brains (Depths:2)
  An anaconda zombie (Hell)
  10 deep elf archers
  2 quicksilver dragon simulacra (Depths:2)
  9 orb spiders
  8 lindwurms
  2 swamp dragons (shapeshifter)
  A bog body (Crypt:3)
  A shadow dragon zombie (Crypt:2)
  3 flayed ghosts
  A spectral hydra (Lair:4)
  5 steelbarb worms
  14 ironbound convokers
  33 deep elf zephyrmancers
  A spectral jorogumo (Spider:4)
  5 necromancers
  5 phantasmal warriors
  14 wizards
  2 bunyip skeletons
  A spectral wolf spider (Spider:4)
  3 wolf spider zombies (Spider:4)
  6 orc knights
  An anaconda skeleton (Hell)
  A jorogumo zombie (Crypt:1)
  2 iron dragon zombies
  39 harpies
  A shining eye (Slime:5)
  48 ugly things
  21 wolf spiders
  3 orc sorcerers
  12 cyclopes
  31 deep elf pyromancers
  3 wolf spiders (shapeshifter)
  14 manticores
  A shadow dragon skeleton (Crypt:3)
  5 fauns
  A salamander (shapeshifter) (Vaults:5)
  An iron dragon skeleton (Crypt:2)
  A moth of wrath (shapeshifter) (Zig:3)
  4 elephants
  10 merfolk sirens
  A dire elephant zombie (Hell)
  A faun (shapeshifter) (Vaults:5)
  9 black mambas
  Joseph (D:8)
  34 moths of wrath
  15 vault sentinels
  6 demonic crawlers
  8 rust devils
  An orange demon (Abyss:2)
  3 apocalypse crabs
  4 eyes of devastation
  A gargoyle (D:12)
  8 smoke demons
  9 water nymphs
  2 ice statues
  6 torpor snails
  6 molten gargoyles
  11 cane toads
  A spectral redback (Spider:4)
  A dire elephant skeleton (Hell)
  3 unseen horrors
  13 freezing wraiths
  2 ice devils
  A hellion (Hell)
  4 sea snake zombies
  A yaktaur (shapeshifter) (D:14)
  Psyche (D:10)
  2 kobold demonologists (D:11)
  A pale draconian zombie (Crypt:2)
  6 rime drakes
  28 yaktaurs
  7 komodo dragons
  Maggie (D:10)
  A tormentor (Depths:3)
  A sea snake skeleton (Hell)
  9 tengu conjurers
  An efreet (D:11)
  An ancient zyme (Abyss:2)
  20 trolls
  A grey draconian skeleton (Crypt:3)
  5 polar bears (Lair:2)
  A hydra skeleton (Hell)
  21 merfolk
  4 tarantella zombies (Spider:4)
  3 meliai (Spider:4)
  29 tarantellas
  2 spectral jumping spiders (Spider:4)
  7 wind drakes
  2 hornets (Depths:3)
  20 dream sheep
  A raiju (shapeshifter) (Depths:3)
  13 blink frogs
  Prince Ribbit (Bailey)
  A harpy skeleton (Crypt:3)
  7 snapping turtles
  A meliai zombie (Crypt:1)
  3 flying skulls (Crypt:3)
  2 large abominations (Abyss:2)
  20 jumping spiders
  2 air elementals
  24 culicivoras
  67 slime creatures
  2 alligator skeletons (Hell)
  6 wyverns
  23 yaks
  A wind drake zombie (Crypt:3)
  15 water elementals
  9 wraiths
  3 humans (Bailey)
  6 vampires
  4 fire elementals
  A hog (D:15)
  A hog (shapeshifter) (Elf:1)
  3 shadows
  A ynoxinul (Abyss:2)
  5 golden eyes (Slime:1)
  13 basilisks
  A small abomination (Abyss:2)
  Eustachio (D:6)
  52 redbacks
  A chaos spawn (Zig:8)
  Menkaure (D:4)
  21 vampire mosquitoes
  4 steam dragons
  4 wargs
  A warg (shapeshifter) (Zig:5)
  3 hydra simulacra
  3 acid dragons
  3 hell hounds (Lair:5)
  14 water moccasins
  An acid dragon (shapeshifter) (Spider:2)
  2 floating eyes
  35 orc warriors
  4 black bears
  A black mamba simulacrum (Hell)
  A cane toad skeleton (Crypt:3)
  An ice beast (D:5)
  A merfolk skeleton (Crypt:3)
  A swamp dragon zombie (Crypt:1)
  3 ettin simulacra (Depths:2)
  22 ogres
  A boggart (D:11)
  10 wolves
  17 centaurs
  3 kobold brigands
  3 necrophages
  5 earth elementals
  20 bullfrogs
  3 scorpions
  2 gnoll sergeants (D:11)
  A salamander skeleton (Crypt:3)
  9 wights (D:9)
  A yaktaur skeleton (Crypt:3)
  7 killer bees
  A warg zombie (Crypt:1)
  A yak skeleton (Crypt:2)
  5 howler monkeys
  5 lava snakes (Lair:5)
  A torpor snail simulacrum (Lair:4)
  A bullfrog zombie (Crypt:3)
  A komodo dragon simulacrum (Lair:4)
  16 orc priests
  2 hounds (D:7)
  3 jellies
  2 gnoll boudas
  A starcursed mass (Abyss:2)
  4 iguanas
  19 orc wizards
  A naga zombie (Crypt:2)
  A deep dwarf skeleton (Crypt:2)
  10 gnolls
  8 adders
  A white imp (D:5)
  An ufetubus (Abyss:2)
  A worm zombie (Crypt:1)
  An iguana zombie (Crypt:1)
  3 worms
  A dart slug (D:4)
  71 orcs
  5 ball pythons
  11 endoplasms
  3 giant cockroaches
  9 goblins
  6 hobgoblins
  6 jackals
  5 quokkas
  A bat (D:2)
  2 frilled lizards (D:2)
  A jackal skeleton (Crypt:2)
  13 kobolds
  3 rats
  A rat skeleton (Crypt:2)
  A river rat zombie (Crypt:1)
2393 creatures vanquished.

Vanquished Creatures (collateral kills)
  2 dread liches
  A Killer Klown (Zot:4)
  A golden dragon (Zot:2)
  A tengu reaver (Vaults:5)
  A storm dragon (Zot:4)
  A draconian scorcher (Zot:1)
  A quicksilver ooze (Slime:4)
  A vampire knight (Depths:4)
  A purple draconian (Zot:2)
  A black draconian (Zot:2)
  A white draconian (Zot:1)
  A red draconian (Zot:1)
  A merfolk impaler (Shoals:4)
  2 yellow draconians (Zot:2)
  An ettin (Depths:4)
  A dancing weapon (Elf:2)
  A moth of wrath (Zot:4)
  A freezing wraith (Hell)
20 creatures vanquished.

Vanquished Creatures (others)
  A draconian stormcaller (Zot:3)
  A spriggan air mage (Depths:3)
  A soul eater (Depths:2)
  A pharaoh ant (Spider:1)
  A deep troll (Depths:2)
  A wizard (Vaults:4)
  A deep elf zephyrmancer (Elf:2)
  A large abomination (Abyss:2)
  A yaktaur (Vaults:5)
  2 humans (D:15)
  An orc wizard (Orc:1)
  An orc (Elf:3)
  A bush (Lair:3)
  8 fungi
  106 plants
  22 toadstools (Lair:1)
150 creatures vanquished.

Grand Total: 2563 creatures vanquished

Notes
Turn   | Place    | Note
-------+----------+-------------------------------------------
     0 | D:1      | Zonian the Vine Stalker Brigand began the quest for the
                  | Orb.
     0 | D:1      | Reached XP level 1. HP: 11/11 MP: 2/2
   100 | D:1      | Reached skill level 1 in Dodging
   100 | D:1      | Reached XP level 2. HP: 15/15 MP: 3/3
   155 | D:1      | Reached skill level 5 in Stealth
   172 | D:1      | Reached skill level 2 in Fighting
   688 | D:2      | Reached XP level 3. HP: 18/18 MP: 4/4
   960 | D:2      | Gained mutation: Your natural rate of healing is unusually
                  | fast. [Vine Stalker growth]
   960 | D:2      | Reached XP level 4. HP: 20/23 MP: 5/5
  1766 | D:3      | Found a burning altar of Makhleb.
  1766 | D:3      | Found a glowing golden altar of the Shining One.
  1920 | D:3      | Noticed a water moccasin
  2456 | D:3      | Noticed a necrophage
  2461 | D:3      | Killed a necrophage
  2462 | D:3      | Reached XP level 5. HP: 27/27 MP: 6/6
  2929 | D:3      | Killed a water moccasin
  2930 | D:3      | Reached skill level 3 in Fighting
  2930 | D:3      | Reached XP level 6. HP: 32/32 MP: 7/7
  3121 | D:4      | Reached XP level 7. HP: 36/36 MP: 8/8
  3469 | D:4      | Noticed Menkaure
  3498 | D:4      | Killed Menkaure
  3656 | D:4      | Found Ongyes's Vocational Training.
  3892 | D:5      | Entered Level 5 of the Dungeon
  4430 | D:5      | Gained mutation: You have razor-sharp teeth. [Vine Stalker
                  | growth]
  4430 | D:5      | Reached XP level 8. HP: 42/42 MP: 9/9
  4430 | D:5      | Identified the +7 dagger "Wexaagrutocs" {spect, rF+ Will+
                  | Int-5}
  4599 | D:5      | Reached skill level 4 in Fighting
  4915 | D:6      | Noticed Eustachio
  4926 | D:6      | Killed Eustachio
  5639 | D:6      | Found an iron altar of Okawaru.
  5704 | D:6      | Reached skill level 5 in Fighting
  5704 | D:6      | Reached skill level 5 in Short Blades
  5791 | D:6      | Found a sacrificial altar of Ru.
  5795 | D:6      | Found a basalt altar of Yredelemnul.
  5796 | D:6      | Found a sparkling altar of Nemelex Xobeh.
  5797 | D:6      | Found a broken altar of Ashenzari.
  5797 | D:6      | Found a hazy altar of Hepliaklqana.
  5798 | D:6      | Found an opulent altar of Gozag.
  5800 | D:6      | Found an ornate altar of the Wu Jian Council.
  5801 | D:6      | Found a glowing silver altar of Zin.
  5802 | D:6      | Found an ancient bone altar of Kikubaaqudgha.
  5813 | D:6      | Became a worshipper of Ashenzari the Shackled
  5966 | D:7      | Reached XP level 9. HP: 47/47 MP: 10/10
  6000 | D:7      | Found Fekoexuh's Weapon Boutique.
  6079 | D:7      | Found a flagged portal.
  6087 | Bailey   | Entered a bailey
  6108 | Bailey   | Reached skill level 6 in Fighting
  6387 | Bailey   | Noticed a vault guard
  6387 | Bailey   | Noticed Prince Ribbit
  6397 | Bailey   | Killed Prince Ribbit
  6398 | Bailey   | Reached skill level 7 in Fighting
  6399 | Bailey   | Killed a vault guard
  6400 | Bailey   | Reached XP level 10. HP: 43/56 MP: 11/11
  6554 | Bailey   | Noticed a vault guard
  6577 | Bailey   | Killed a vault guard
  6578 | Bailey   | Reached skill level 8 in Fighting
  6735 | D:7      | Found a staircase to the Ecumenical Temple.
  7228 | D:7      | Found Virik's Antique Weapon Shoppe.
  7233 | D:7      | Bought a pitted hand axe for 128 gold pieces
  7233 | D:7      | Identified the +9 hand axe of Beyond {speed, rElec Str+5}
                  | (You bought it in a shop on level 7 of the Dungeon)
  7354 | D:7      | Found Fuplururu's Magic Scroll Shop.
  7360 | D:7      | Bought a scroll of blinking for 82 gold pieces
  7360 | D:7      | Bought 2 scrolls of blinking for 165 gold pieces
  7491 | D:8      | Reached * piety under Ashenzari
  7607 | D:8      | Identified the +1 ring mail of the Other World {rN+ Int+5}
  7756 | D:8      | Noticed Joseph
  7768 | D:8      | Killed Joseph
  8193 | D:9      | Reached ** piety under Ashenzari
  8246 | D:9      | Identified a scroll of acquirement
  8256 | D:9      | Acquired a manual of Fire Magic
  8439 | D:9      | Reached skill level 9 in Fighting
  8450 | D:9      | Found a staircase to the Lair.
  8450 | D:9      | Noticed an elephant
  8605 | D:9      | Killed an elephant
  8736 | D:9      | Found a glowing golden altar of the Shining One.
  8737 | D:9      | Found a snail-covered altar of Cheibriados.
  8738 | D:9      | Found an ancient bone altar of Kikubaaqudgha.
  8738 | D:9      | Found a white marble altar of Elyvilon.
  8751 | D:9      | Reached XP level 11. HP: 63/64 MP: 12/12
  8830 | D:9      | Noticed a two-headed ogre
  8845 | D:9      | Killed a two-headed ogre
  8846 | D:9      | Reached skill level 10 in Fighting
  8846 | D:9      | Reached skill level 10 in Short Blades
  9169 | D:9      | Noticed a cyclops
  9251 | Lair:1   | Entered Level 1 of the Lair of Beasts
  9439 | Lair:1   | Reached *** piety under Ashenzari
  9511 | Lair:1   | Reached skill level 1 in Evocations
  9616 | Lair:1   | Reached skill level 11 in Fighting
  9896 | Lair:1   | Found a blossoming altar of Fedhas.
  9908 | Lair:1   | Noticed an oklob plant
 10119 | Lair:2   | Reached skill level 5 in Dodging
 10119 | Lair:2   | Reached XP level 12. HP: 35/72 MP: 13/13
 10811 | Lair:2   | Reached **** piety under Ashenzari
 10962 | Lair:2   | Reached skill level 10 in Stealth
 11406 | Lair:3   | Reached skill level 5 in Evocations
 11542 | Lair:3   | Noticed a death yak
 11548 | Lair:3   | Reached skill level 12 in Fighting
 11548 | Lair:3   | Found a hole to the Spider Nest.
 11549 | Lair:3   | Noticed a death yak
 11551 | Lair:3   | Noticed a death yak
 11563 | Lair:3   | Killed a death yak
 11602 | Lair:3   | Reached ***** piety under Ashenzari
 11625 | Lair:3   | Noticed a death yak
 11626 | Lair:3   | Noticed a death yak
 11627 | Lair:3   | Noticed a death yak
 11628 | Lair:3   | Noticed a death yak
 11628 | Lair:3   | Noticed a death yak
 11657 | Lair:3   | Killed a death yak
 11663 | Lair:3   | Killed a death yak
 12024 | Lair:3   | Found a staircase to the Shoals.
 12137 | Lair:3   | Killed a death yak
 12138 | Lair:3   | Reached XP level 13. HP: 76/79 MP: 14/14
 12187 | Lair:3   | Reached skill level 13 in Fighting
 13454 | Lair:4   | Reached skill level 14 in Fighting
 13555 | Lair:4   | Found a runed translucent gate.
 13557 | Lair:4   | Found a runed translucent gate.
 13558 | Lair:4   | Found a runed translucent gate.
 13562 | Lair:4   | Noticed Muuss's ghost (adept GnHW)
 13812 | Lair:5   | Entered Level 5 of the Lair of Beasts
 14124 | Lair:4   | Acquired 980 gold pieces
 14317 | Lair:5   | Found a staircase to the Slime Pits.
 14351 | Lair:5   | Reached skill level 1 in Spellcasting
 14415 | Lair:5   | Found a large runed translucent door.
 14529 | Lair:5   | Noticed a fire dragon
 14715 | Lair:5   | Found a large runed translucent door.
 14858 | Lair:5   | Killed a fire dragon
 14968 | Lair:5   | Reached skill level 15 in Fighting
 15047 | Lair:5   | Learned a level 2 spell: Blink
 15109 | Lair:5   | Reached XP level 14. HP: 47/89 MP: 17/24
 15112 | Lair:5   | Reached skill level 1 in Translocations
 15422 | Lair:5   | Acquired the amulet "Pyt Udops" {rPois rF+ Regen+ Int+2}
 15455 | Lair:5   | Reached skill level 5 in Spellcasting
 16604 | D:9      | Found the +3 pair of gauntlets of War {Slay+5}
 16604 | D:9      | Identified the +11 war axe "Beetleslayer" {protect, Str+3
                  | Int+6}
 16604 | D:9      | Identified the +9 ice dragon scales of Inviolability {+Inv
                  | rElec rF- rC++ Regen+ Dex-3}
 16660 | D:9      | Identified the ring of Sifimp {Will+ Str+8 Dex-3}
 16957 | D:10     | Entered Level 10 of the Dungeon
 17106 | D:10     | Noticed Maggie
 17116 | Abyss:2  | Cast into level 2 of the Abyss (Maggie)
 17173 | Abyss:2  | Learned a level 2 spell: Wereblood
 17186 | Abyss:2  | Noticed a cacodemon
 17208 | Abyss:2  | Reached skill level 1 in Transmutations
 17247 | Abyss:2  | Noticed a cyan very ugly thing
 17268 | Abyss:2  | Killed a cyan very ugly thing
 17452 | Abyss:2  | Noticed a starcursed mass
 17477 | Abyss:2  | Noticed a starcursed mass
 17479 | Abyss:2  | Paralysed by accursed screaming for 2 turns
 17510 | D:10     | Escaped the Abyss
 17519 | D:10     | Killed Maggie
 17520 | D:10     | Reached skill level 16 in Fighting
 18010 | D:10     | Noticed Psyche
 18014 | D:10     | Killed Psyche
 18586 | D:11     | Noticed a fire giant
 18593 | D:11     | Killed a fire giant
 18631 | D:11     | Learned a level 3 spell: Swiftness
 18668 | D:11     | Reached skill level 1 in Air Magic
 18758 | D:11     | Reached XP level 15. HP: 93/98 MP: 29/29
 18764 | D:11     | Reached skill level 17 in Fighting
 19135 | D:11     | Identified the +4 ring mail "Riuwuumm" {Slay+2}
 19198 | D:11     | Found a staircase to the Orcish Mines.
 19257 | D:11     | Found Neofol's Antique Armour Emporium.
 20431 | D:13     | Noticed Rupert
 20438 | D:13     | Killed Rupert
 20439 | D:13     | Reached skill level 5 in Air Magic
 21318 | D:14     | Found a runed translucent door.
 21319 | D:14     | Noticed a sphinx
 21322 | D:14     | Reached skill level 18 in Fighting
 21341 | D:14     | Killed a sphinx
 21939 | D:14     | Found a gate to the Vaults.
 22267 | D:15     | Entered Level 15 of the Dungeon
 22337 | D:15     | Reached XP level 16. HP: 106/106 MP: 29/29
 22353 | D:15     | Reached skill level 19 in Fighting
 22616 | D:15     | Noticed Kirke
 22638 | D:15     | Killed Kirke
 22843 | D:15     | Found a white marble altar of Elyvilon.
 22861 | D:15     | Noticed Nessos
 22876 | D:15     | Killed Nessos
 22968 | D:15     | Found a staircase to the Depths.
 23261 | D:15     | Learned a level 4 spell: Flame Wave
 23758 | D:15     | Reached skill level 1 in Fire Magic
 24036 | Orc:1    | Entered Level 1 of the Orcish Mines
 24108 | Orc:2    | Entered Level 2 of the Orcish Mines
 24108 | Orc:2    | Found a staircase to the Elven Halls.
 24119 | Orc:2    | Reached skill level 1 in Conjurations
 24125 | Orc:2    | Reached skill level 1 in Shields
 24569 | Orc:2    | Found Pideyd's Assorted Antiques.
 24994 | Orc:2    | Found Jealuori's Armour Emporium.
 25004 | Orc:2    | Found Zuil's Magic Scroll Boutique.
 25009 | Orc:2    | Bought a scroll of teleportation for 90 gold pieces
 25009 | Orc:2    | Bought a potion of berserk rage for 150 gold pieces
 25009 | Orc:2    | Bought a scroll of blinking for 225 gold pieces
 25023 | Orc:2    | Found Jicary's Book Emporium.
 25026 | Orc:2    | Bought a scroll of blinking for 120 gold pieces
 25026 | Orc:2    | Bought a scroll of teleportation for 48 gold pieces
 25677 | Orc:1    | Found Goxi's General Store.
 25694 | Orc:1    | Reached skill level 5 in Fire Magic
 25723 | Orc:1    | Bought a potion of haste for 160 gold pieces
 25723 | Orc:1    | Bought a potion of haste for 160 gold pieces
 25723 | Orc:1    | Bought a condenser vane for 640 gold pieces
 25810 | Orc:1    | Found Qexzemm's Assorted Antiques.
 25812 | Orc:1    | Bought a wand of iceblast (6) for 331 gold pieces
 25812 | Orc:1    | Bought 2 potions of invisibility for 368 gold pieces
 26083 | Orc:1    | Upgraded the game from 0.30-a0-782-ge64f9170bb to
                  | 0.30-a0-793-g160f7cfddd
 26254 | Spider:1 | Entered Level 1 of the Spider Nest
 26448 | Spider:1 | Noticed Frances
 26483 | Spider:1 | Killed Frances
 26852 | Spider:1 | Reached XP level 17. HP: 58/112 MP: 24/32
 27350 | Spider:2 | Reached skill level 20 in Fighting
 27447 | Spider:2 | Reached skill level 5 in Conjurations
 28191 | Spider:2 | Noticed Asterion
 28192 | Spider:2 | Killed Asterion
 28812 | Spider:3 | Reached skill level 1 in Armour
 29395 | Spider:3 | Reached skill level 5 in Throwing
 29912 | Spider:4 | Entered Level 4 of the Spider Nest
 29914 | Spider:4 | Noticed Donald
 30071 | Spider:4 | Killed Donald
 30559 | Spider:4 | Identified the +2 leather armour of Xom's Righteous Fury
                  | {Contam *Slow Fly rCorr}
 30887 | Spider:4 | Reached XP level 18. HP: 117/117 MP: 35/35
 31517 | Spider:4 | Reached skill level 5 in Shields
 31933 | Spider:4 | Got a gossamer rune of Zot
 32234 | Shoals:1 | Entered Level 1 of the Shoals
 32747 | D:4      | Bought a manual of Evocations for 960 gold pieces
 33374 | Shoals:1 | Found a runed translucent door.
 33382 | Shoals:1 | Found a corrupted altar of Lugonu.
 33382 | Shoals:1 | Found a one-way gate to the infinite horrors of the Abyss.
 33382 | Shoals:1 | Identified the +6 leather armour of Noon {rPois Str+3}
 33519 | Shoals:1 | Found Qoirig's Assorted Antiques.
 33527 | Shoals:1 | Bought a potion of resistance for 220 gold pieces
 33527 | Shoals:1 | Bought a jewelled short sword for 176 gold pieces
 33527 | Shoals:1 | Identified the +0 short sword "Ponoipea" {holy, Drain rPois
                  | rN+++ Str-4} (You bought it in a shop on level 1 of the
                  | Shoals)
 34045 | Shoals:2 | Found Ocyugh's Weapon Shoppe.
 34279 | Shoals:2 | Reached skill level 1 in Ranged Weapons
 35354 | Shoals:4 | Entered Level 4 of the Shoals
 35620 | Shoals:4 | Reached XP level 19. HP: 121/121 MP: 36/36
 35658 | Shoals:4 | Reached skill level 10 in Evocations
 35811 | Shoals:4 | Identified the amulet of Kindness {Spirit Str+4}
 35910 | Shoals:4 | Got a barnacled rune of Zot
 35932 | Shoals:4 | Identified Sif Muna's Papyrus of the Wyrd and Poison
 36439 | Shoals:4 | Reached skill level 5 in Ranged Weapons
 36887 | Elf:1    | Entered Level 1 of the Elven Halls
 37061 | Elf:1    | Identified Zomnot's Folio of Adjuration
 37657 | Elf:1    | Noticed Aizul
 37676 | Elf:1    | Killed Aizul
 38537 | Elf:2    | Found a runed translucent gate.
 38537 | Elf:2    | Found a runed translucent gate.
 38537 | Elf:2    | Found a runed translucent gate.
 38602 | Elf:3    | Entered Level 3 of the Elven Halls
 38625 | Elf:3    | Noticed Louise
 38653 | Elf:3    | Killed Louise
 38731 | Elf:3    | Found Hungaimn's One-of-a-Kind Books.
 38924 | Elf:3    | Found a bloodstained altar of Trog.
 39151 | Elf:3    | Learned a level 5 spell: Fireball
 39379 | Elf:3    | Reached XP level 20. HP: 113/127 MP: 37/37
 39537 | Elf:3    | Reached skill level 10 in Ranged Weapons
 39671 | Elf:3    | Identified the +1 robe of the Thoughtful Bones {rC+}
 39706 | Elf:3    | Identified the ring "Zegur" {*Corrode rElec rN+ Will+}
 39706 | Elf:3    | Identified the +0 robe of Seac {-Cast rElec rPois Str+7}
 39707 | Elf:3    | Identified the ring "Toket" {Fire Dex+2}
 39722 | Elf:3    | Identified the +10 hand axe "Ogrebane" {holy, SInv}
 40076 | Elf:3    | Acquired 951 gold pieces
 40108 | Elf:3    | Identified the +5 short sword of Giulenil {pain, rElec
                  | rF+++ Str-4 Dex+3}
 40259 | Elf:3    | Identified the ring of the Ego {Fly rC+ Will+ Slay+3 SInv}
 40274 | Elf:3    | Noticed a Tzitzimitl
 40402 | Elf:3    | Identified the +0 pair of boots of Boredom {-Tele rElec
                  | rCorr Stlth+}
 40404 | Elf:3    | Identified Tupn's Handbook of Breath
 40455 | Elf:3    | Identified the +2 ring mail of Ignis's Pride {Dex+3}
 40455 | Elf:3    | Identified the +8 chain mail of Context {rF+}
 40456 | Elf:3    | Identified Sif Muna's Spellbook of Gusts and Nausea
 41644 | Elf:2    | Reached skill level 10 in Conjurations
 41788 | Elf:2    | Upgraded the game from 0.30-a0-793-g160f7cfddd to
                  | 0.30-a0-799-g109b55a442
 42466 | Vaults:1 | Entered Level 1 of the Vaults
 42677 | Vaults:1 | Reached skill level 10 in Spellcasting
 42940 | Vaults:1 | HP: 6/127 [yaktaur captain/bolt (25)]
 45015 | Vaults:1 | Found Upinaucw's Antique Weapon Shoppe.
 45024 | Vaults:1 | Bought the +8 autumn katana {manifold assault} for 2070
                  | gold pieces
 45024 | Vaults:1 | Found the +8 autumn katana {manifold assault}
 45193 | Vaults:1 | Reached skill level 1 in Long Blades
 45421 | Vaults:1 | Reached skill level 5 in Armour
 45738 | Vaults:1 | Noticed Zenata
 45756 | Vaults:1 | Killed Zenata
 46227 | Vaults:2 | Reached XP level 21. HP: 129/132 MP: 38/38
 46311 | Vaults:2 | Found a staircase to the Crypt.
 46847 | Vaults:2 | Identified the +3 leather armour of Ceull {rCorr}
 47243 | Vaults:2 | Reached skill level 5 in Long Blades
 47768 | Vaults:2 | Identified Jiack's Tractate on the Bloody Spider
 47776 | Vaults:2 | Reached skill level 10 in Fire Magic
 47783 | Vaults:2 | Learned a level 3 spell: Mephitic Cloud
 47852 | Vaults:2 | Reached skill level 1 in Poison Magic
 48266 | Vaults:3 | Noticed Sojobo
 48285 | Vaults:3 | Paralysed by an air elemental for 1 turns
 48294 | Vaults:2 | Paralysed by an air elemental for 1 turns
 48295 | Vaults:2 | Killed Sojobo
 48948 | Vaults:3 | Noticed a golden dragon
 49525 | Vaults:3 | Killed a golden dragon
 49598 | Vaults:3 | Found the +8 storm bow {elec, penet}
 49599 | Vaults:3 | Identified the +7 dagger "Mocviveb" {flame, Str+3 Int+4}
 49787 | Vaults:3 | Reached XP level 22. HP: 127/137 MP: 39/39
 49864 | Vaults:3 | Noticed Saint Roka
 49875 | Vaults:3 | Killed Saint Roka
 50570 | Vaults:3 | Learned a level 4 spell: Airstrike
 50701 | Vaults:4 | Reached skill level 15 in Evocations
 50838 | Vaults:4 | Found a large runed translucent door.
 50838 | Vaults:4 | Found a large runed translucent door.
 50839 | Vaults:4 | Noticed Reyb's ghost (veteran DsGl)
 50839 | Vaults:4 | Identified the ring of Maahefy {*Corrode rC+ rN+ Int+6
                  | Slay+2}
 50907 | Vaults:4 | Found a portal to a secret trove of treasure.
 51269 | Vaults:4 | Acquired the +0 pair of boots "Poysykh" {Drain rElec rPois
                  | rN+}
 52983 | Vaults:4 | You paid a toll of +2 swamp dragon scales to enter a
                  | treasure trove
 52984 | Trove    | Entered a treasure trove
 52987 | Trove    | Identified the +3 plate armour of Circular Logic {rC++ rN+
                  | Will- Dex-5}
 52987 | Trove    | Identified the +0 robe "Ceheywuh" {rPois Stlth+}
 52989 | Trove    | Identified the +0 leather armour of Wrong Decisions {rC-
                  | rN++}
 52989 | Trove    | Identified the +5 plate armour of Reason {rC- Dex+5}
 52989 | Trove    | Identified the +5 kite shield "Pietiq" {*Slow rElec Will+
                  | Dex+3}
 53402 | Vaults:5 | Entered Level 5 of the Vaults
 53428 | Vaults:5 | Found Vaakhlul's Magic Scroll Emporium.
 53490 | Vaults:5 | Reached skill level 15 in Fire Magic
 53511 | Vaults:5 | Found Vybre's Magic Scroll Boutique.
 53515 | Vaults:5 | Bought a scroll of teleportation for 51 gold pieces
 53515 | Vaults:5 | Bought a scroll of fear for 68 gold pieces
 53515 | Vaults:5 | Bought a scroll of blinking for 127 gold pieces
 53515 | Vaults:5 | Bought a scroll of blinking for 127 gold pieces
 53525 | Vaults:5 | Found Afryekips's Distillery.
 53617 | Vaults:5 | Noticed an ancient lich
 53619 | Vaults:5 | Noticed an ancient lich
 53637 | Vaults:5 | Killed an ancient lich
 53638 | Vaults:5 | Killed an ancient lich
 53648 | Vaults:5 | Reached XP level 23. HP: 119/142 MP: 40/40
 53674 | Vaults:5 | Found Zousch's Magic Scroll Emporium.
 53735 | Vaults:5 | Bought a scroll of summoning for 180 gold pieces
 53744 | Vaults:5 | Found Jini's Distillery.
 53855 | Vaults:5 | Found Zuginadiu's Magic Scroll Shop.
 53864 | Vaults:5 | Bought a scroll of blinking for 165 gold pieces
 53960 | Vaults:5 | Identified the +0 glaive of Naipeysch {venom, +Blink rC++
                  | Str-2}
 54090 | Vaults:5 | Identified the Spellbook of Rank Kinetic Energy
 54358 | Vaults:5 | Got a silver rune of Zot
 54451 | Vaults:5 | Acquired 619 gold pieces
 54522 | Vaults:5 | Identified the +4 arbalest of the Tent {drain, rElec Will+}
 54833 | Vaults:5 | Noticed a dread lich
 54848 | Vaults:5 | Killed a dread lich
 54859 | Vaults:5 | Identified the +7 ring mail "Kacem" {rF+ Int+3}
 55686 | Slime:1  | Entered Level 1 of the Pits of Slime
 55686 | Slime:1  | Found a viscous altar of Jiyva.
 56453 | Slime:4  | Reached XP level 24. HP: 127/147 MP: 42/42
 56512 | Slime:5  | Entered Level 5 of the Pits of Slime
 57181 | Slime:4  | Learned a level 4 spell: Fulminant Prism
 57748 | Slime:5  | Found a viscous altar of Jiyva.
 57750 | Slime:5  | Noticed the Royal Jelly
 57797 | Slime:5  | Killed the Royal Jelly
 57798 | Slime:5  | Reached skill level 10 in Armour
 58100 | Slime:5  | Identified the +2 short sword "Meutedgh" {flame, rPois rF+
                  | rC+}
 58128 | Slime:5  | Found the +9 sword of Power {lifebolt}
 58159 | Slime:5  | Identified the Dissertation on Blinking Congelation
 58169 | Slime:5  | Got a slimy rune of Zot
 58467 | Slime:5  | Learned a level 5 spell: Irradiate
 58937 | Crypt:1  | Entered Level 1 of the Crypt
 59142 | Depths:1 | Entered Level 1 of the Depths
 59216 | Depths:1 | Reached skill level 5 in Transmutations
 59346 | Depths:1 | Found a one-way gateway to a ziggurat.
 59355 | Depths:1 | Paralysed by a floating eye for 4 turns
 59915 | Depths:1 | Found a gateway to Hell.
 60198 | Depths:1 | Paralysed by a floating eye for 4 turns
 60391 | Depths:2 | Identified the +5 rapier of Blue Defence {venom, *Rage rF+
                  | Str+5}
 60413 | Depths:2 | Noticed a juggernaut
 61420 | Depths:2 | Found a hazy altar of Hepliaklqana.
 61640 | Depths:2 | Killed a juggernaut
 61665 | Depths:2 | Reached skill level 10 in Transmutations
 61665 | Depths:2 | Reached XP level 25. HP: 68/151 MP: 21/43
 61810 | Depths:2 | Identified the +4 ring mail of Wasted Space {Harm *Corrode
                  | Will+}
 61923 | Depths:2 | Found a glowing silver altar of Zin.
 61924 | Depths:2 | Found a one-way gate leading to the halls of Pandemonium.
 62016 | Depths:2 | Found a basalt altar of Yredelemnul.
 62264 | Depths:2 | Found an opulent altar of Gozag.
 62349 | Depths:2 | Acquired a +3 heavy hand crossbow
 62682 | Vaults:4 | Learned a level 3 spell: Portal Projectile
 63204 | Lair:4   | Killed Muuss's ghost
 63880 | Depths:2 | Reached skill level 1 in Hexes
 64565 | Depths:3 | Noticed Grunn
 64589 | Depths:3 | Killed Grunn
 66047 | Depths:3 | Found a radiant altar of Vehumet.
 66047 | Depths:3 | Noticed an ancient lich
 66055 | Depths:3 | Killed an ancient lich
 66214 | Depths:3 | Identified the +3 war axe "Onkiofy" {freeze, rF+ MP+9
                  | Dex+2}
 66715 | Depths:1 | Learned a level 4 spell: Summon Lightning Spire
 67177 | Depths:4 | Entered Level 4 of the Depths
 67186 | Depths:4 | Reached skill level 1 in Summonings
 67247 | Depths:4 | Found a flickering gateway to a bazaar.
 67248 | Depths:4 | Identified the +8 long sword of Imbalance {heavy, +Blink
                  | Fly rF+ rN+}
 67254 | Bazaar   | Entered a bazaar
 67254 | Bazaar   | Found Qofuur Ess's Antique Armour Shoppe.
 67254 | Bazaar   | Found Jakhiesergh's Antique Weapon Emporium.
 67258 | Bazaar   | Found Fait's Distillery.
 67274 | Bazaar   | Found Bolero's Weapon Emporium.
 67300 | Bazaar   | Bought a potion of resistance for 100 gold pieces
 67300 | Bazaar   | Bought a potion of invisibility for 80 gold pieces
 67300 | Bazaar   | Bought a potion of invisibility for 80 gold pieces
 67300 | Bazaar   | Bought a potion of might for 40 gold pieces
 67305 | Bazaar   | Bought a crude ring mail for 288 gold pieces
 67305 | Bazaar   | Identified the +3 ring mail of Vaitiustab {Regen+ Int+3}
                  | (You bought it in a shop in a bazaar)
 67439 | Depths:4 | Identified the ring of the Echidna {rF+ Int+3}
 67479 | Depths:4 | Noticed a juggernaut
 67725 | Depths:3 | Killed a juggernaut
 67839 | Depths:4 | Reached XP level 26. HP: 127/156 MP: 44/44
 68333 | Depths:4 | Found a gate to the Realm of Zot.
 68398 | Depths:4 | Noticed a juggernaut
 68417 | Depths:4 | Killed a juggernaut
 68418 | Depths:4 | Reached skill level 5 in Summonings
 68756 | Depths:4 | Reached skill level 15 in Spellcasting
 68861 | Depths:4 | Found a sparkling altar of Nemelex Xobeh.
 69230 | Crypt:1  | Noticed Frederick
 69253 | Crypt:1  | Killed Frederick
 70717 | Crypt:2  | Noticed Vv
 71056 | Crypt:2  | Killed Vv
 71179 | Crypt:3  | Entered Level 3 of the Crypt
 71305 | Crypt:3  | Reached skill level 10 in Dodging
 71838 | Crypt:3  | Noticed an ancient lich
 71838 | Crypt:3  | Noticed a dread lich
 72105 | Crypt:3  | Learned a level 5 spell: Silence
 72182 | Crypt:3  | Found a staircase to the Tomb.
 72591 | Crypt:3  | Killed an ancient lich
 72600 | Crypt:3  | Killed a dread lich
 72754 | Crypt:3  | Upgraded the game from 0.30-a0-799-g109b55a442 to
                  | 0.30-a0-808-g6e0788376e
 73700 | Hell     | Entered the Vestibule of Hell
 73700 | Hell     | Noticed Geryon
 73728 | Depths:1 | Reached skill level 10 in Air Magic
 74231 | Hell     | Reached XP level 27. HP: 161/161 MP: 46/46
 74241 | Hell     | Found a gateway to the Iron City of Dis.
 74294 | Hell     | Found a gateway to the ashen valley of Gehenna.
 74338 | Hell     | Killed Geryon
 74557 | Hell     | Found a gateway to the decaying netherworld of Tartarus.
 74753 | Hell     | Found a gateway to the freezing wastes of Cocytus.
 75164 | Zot:1    | Entered Level 1 of the Realm of Zot
 76450 | Zot:2    | Learned a level 5 spell: Lightning Bolt
 76450 | Zot:2    | Acquired the ring "Riorr" {rN+ Dex+6 SInv}
 76457 | Zot:2    | Identified the Catalogue of Compression
 77155 | Zot:3    | Found a transporter.
 77159 | Zot:3    | Found a transporter.
 77161 | Zot:3    | Found a transporter.
 77519 | Zot:3    | HP: 7/156 [(33)]
 77519 | Zot:3    | HP: 3/156 [white draconian/+0 trident (4)]
 78716 | Zot:3    | Found a transporter.
 80833 | Depths:1 | Paralysed by a floating eye for 4 turns
 80848 | Depths:1 | Paralysed by a floating eye for 3 turns
 80880 | Zig:1    | Entered Level 1 of a ziggurat
 80898 | Zig:2    | Entered Level 2 of a ziggurat
 81033 | Zig:3    | Entered Level 3 of a ziggurat
 81036 | Zig:3    | Found the +16 obsidian axe {drain, demonic, Mesm Drain Fly
                  | SInv}
 81037 | Zig:3    | Identified the +5 war axe of Abomination {antimagic, rF+}
 81043 | Zig:3    | Identified the +7 shortbow of the Four Deaths {drain,
                  | Str+4}
 81054 | Zig:3    | Acquired the amulet "Pialirphu" {RegenMP Fragile rCorr
                  | Int+7 Dex+2}
 81056 | Zig:3    | Acquired the Annotations on United Pyromancy
 81073 | Zig:4    | Entered Level 4 of a ziggurat
 81076 | Zig:4    | Found the +0 pair of fencer's gloves {Riposte Dex+3}
 81097 | Zig:4    | Identified the +3 ring mail of the Turtledove {+Inv}
 81112 | Zig:4    | Acquired the Volume of Aerial Combat Magic
 81254 | Zig:5    | Entered Level 5 of a ziggurat
 81305 | Zig:5    | Learned a level 5 spell: Summon Forest
 81320 | Zig:6    | Entered Level 6 of a ziggurat
 81351 | Zig:6    | Identified the Excursus on Ceraunoscopy
 81543 | Zig:7    | Entered Level 7 of a ziggurat
 81790 | Zig:7    | Identified the Papyrus of Moving Graupel
 81790 | Zig:7    | Identified the +2 hand axe of Darkness {freeze, rElec rF+++
                  | rC- Dex+3}
 81814 | Zig:7    | Learned a level 6 spell: Statue Form
 81855 | Zig:7    | Learned a level 6 spell: Iron Shot
 81858 | Zig:8    | Entered Level 8 of a ziggurat
 81864 | Zig:8    | Identified the Compilation of the Destructive Icicle
 81865 | Zig:8    | Noticed Maorghuc the pandemonium lord
 81868 | Zig:8    | Identified the +1 plate armour "Serosi" {rC- rN+ rCorr}
 81878 | Zig:8    | Killed from afar by Maorghuc the pandemonium lord

Illustrated notes

Levels and vault maps discovered:
D:1:      spicycebolla_arrival_ecumenical, layout_basic,
          chequers_serial_rivers_micro_a
D:2:      layout_basic, kennysheep_generic_room_2
D:3:      layout_basic, mainiacjoe_overflow_divided_tiny,
          minmay_increasing_density
D:4:      layout_loops_corners, corexii_item_surrounded_by_moat,
          nicolae_shop_vocational, uniq_menkaure
D:5:      layout_loops_ring
D:6:      layout_loops_corners, minitemple, overflow_temple_1_default,
          minmay_stone_trees_small, uniq_eustachio
D:7:      layout_basic, temple_green, enter_bailey_2, serial_shops, shop, shop,
          shop
D:8:      layout_basic, nicolae_kite_square_tiling_tiny, uniq_joseph
D:9:      minmay_the_grid_octo_tiled_octocenter [minmay_the_grid_octo_shrine,
          minmay_the_grid_octo_thin_diamonds, minmay_the_grid_octo_clover,
          minmay_the_grid_octo_concentric,
          minmay_the_grid_octo_prize_square_snowflake,
          minmay_the_grid_square_5x5_three_walls,
          minmay_the_grid_square_5x5_three,
          minmay_the_grid_square_5x5_misaligned,
          minmay_the_grid_square_5x5_shrine1], layout_long_grid,
          david_lair_generic, kennysheep_opposing_triangles
D:10:     layout_basic, uniq_maggie, uniq_psyche
D:11:     nzn_winding_woodlands_large [nzn_winding_woodlands_5x5_three,
          nzn_winding_woodlands_5x15_jagged,
          nzn_winding_woodlands_5x5_closed_star,
          nzn_winding_woodlands_center_pierced_h,
          nzn_winding_woodlands_15x15_thick_spiral,
          nzn_winding_woodlands_center_lodge, nzn_winding_woodlands_5x5_cross,
          nzn_winding_woodlands_5x15_default, nzn_winding_woodlands_hourglass],
          layout_basic, serial_shops, nicolae_stop_n_shop_2
D:12:     layout_basic
D:13:     layout_basic, uniq_rupert
D:14:     layout_irregular_city, lightli_vaults_fourway_checkpoint,
          grunt_decor_fettered, minivault_13
D:15:     grunt_enter_depths_hoard, layout_loops_corners, elyvilon_altar_5,
          serial_rivers, chequers_serial_rivers_small_3,
          chequers_serial_rivers_large_b, chequers_serial_rivers_micro_d,
          chequers_serial_rivers_micro_e, chequers_serial_rivers_small_3,
          chequers_serial_rivers_micro_c, uniq_kirke, uniq_nessos
Lair:1:   layout_chaotic_city, tgw_fedhas
Lair:2:   beast_lair_carwin_large_2, layout_cave_shapes,
          chequers_serial_rivers_micro_d
Lair:3:   layout_long_grid, minmay_shoals_entry_centaurs,
          hellmonk_spider_entry_life_and_decay, infiniplex_staircase_pool_2,
          grunt_megastairs_3
Lair:4:   layout_misc_corridors, gammafunk_ghost_necromancy
Lair:5:   cheibrodos_lair_end_hotspot, layout_cave_shapes, slime_entry_1
Shoals:1: layout_shoals, serial_shops, nicolae_shop_overgrown_old_shop,
          nicolae_shoals_abyss_on_the_beach
Shoals:2: layout_shoals, serial_shops, nicolae_shop_trees
Shoals:3: layout_shoals
Shoals:4: shoals_end_grunt_ice, layout_shoals
Spider:1: layout_cave_pods, uniq_frances
Spider:2: layout_cave_pods, uniq_asterion
Spider:3: layout_cave_pods, hangedman_spider_tarantella_strand
Spider:4: floodkiller_spider_rune_tomb, uniq_donald
Slime:1:  layout_caves, basic_altar
Slime:2:  layout_caves
Slime:3:  layout_caves, nicolae_slime_welcoming_committee
Slime:4:  nicolae_slime_jelly_donut, layout_caves
Slime:5
Orc:1:    layout_caves, serial_shops, shop, shop, minmay_orc_temple_b
Orc:2:    st_orc_open, layout_caves
Elf:1:    nicolae_elf_arrival_fired_up, layout_gridlike, serial_aquarium,
          aquarium_bridge_square [aquarium_subvault_wall,
          aquarium_subvault_wall, aquarium_subvault_window,
          aquarium_subvault_bridge], aquarium_window_fake, aquarium_window_2,
          aquarium_view_2e, aquarium_balcony_double_4, aquarium_pool_1,
          minmay_elf_demonology, nicolae_elf_variegated_diamond, uniq_aizul
Elf:2:    nicolae_elf_blades_splatter_lattice [nicolae_blade_bullseye],
          layout_geoelf_diagonals, serial_glass, glass_columns_b,
          glass_columns_a
Elf:3:    minmay_elf_hall_x, layout_geoelf_grid, nicolae_rare_books,
          evilmike_spriggan_trog_shrine, grunt_megastairs_1, uniq_louise
Vaults:1: nicolae_vaults_rhombus_6, vaults_room_grunt_arrival_ludios,
          layout_vaults_omnigrid, serial_shops, shop, uniq_zenata
Vaults:2: minmay_crypt_entry_vampire_xt, v_rooms_3,
          ontoclasm_vaults_loading_screen, hangedman_vaults_locks,
          v_alt_pattern_2, dpeg_vaults_monster_row, nicolae_vaults_angled_halls,
          st_lines, nicolae_vaults_windows_and_doors_thing,
          layout_vaults_maze_bifur
Vaults:3: minmay_guarded_unrand_secular_launcher, serial_ice_h,
          hangedman_vaults_stretched_pinwheel, v_alt_pattern_2,
          vaults_dpeg_encased_lava, v_alt_pattern_3, v_misc_4,
          vaults_room_stairs_pillars, nicolae_vaults_theta, v_misc_29,
          nicolae_vaults_little_squares_1, vaults_dpeg_hooks,
          nicolae_vaults_alarming, layout_vaults_chaotic_city, uniq_margery,
          uniq_sojobo, uniq_saint_roka
Vaults:4: ebering_ghost_disaster_area, st_star, nicolae_vaults_little_ls,
          nicolae_vaults_network_star, nicolae_vaults_big_angled_halls,
          v_misc_2, dpeg_vaults_monster_box, nicolae_vaults_bisected_exclaves,
          v_misc_31, vaults_room_corners, layout_vaults_omnicross,
          nicolae_trove_entry_diagonal
Vaults:5
Crypt:1:  layout_catacombs, uniq_frederick
Crypt:2:  layout_misc_corridors, minivault_23, uniq_vv
Crypt:3:  david_glass_crypt, layout_gridlike
Depths:1: layout_cave_pools, enter_ziggurat_d, abyss_entry, lightli_too_deep,
          kennysheep_generic_room_16
Depths:2: grunt_profane_halls [grunt_profane_temple_geh,
          grunt_profane_temple_tar, grunt_profane_temple_coc,
          grunt_profane_temple_dis, grunt_profane_loot], pan_entry, hell_entry
Depths:3: evilmike_halls_of_destruction, layout_basic, abyss_entry,
          serial_bayou_shore_a, pf_vacation_house_of_asmodeus,
          grunt_megastairs_2, minmay_staircase_statues, uniq_grunn
Depths:4: grunt_x_marks_the_spot, layout_cave_pools,
          hangedman_tar_grid_catacomb, serial_shops, freezing_bzr,
          nemelex_diamond_rough_becter, abyss_entry
Hell
Zot:1:    layout_misc_corridors, hangedman_zot_decor_scrapings,
          st_small_dragon_hoard_1
Zot:2:    layout_basic, lemuel_golem_globe
Zot:3:    layout_cathedral_of_symmetry, nicolae_diode_intersection,
          grunt_megastairs_4
Zot:4:    layout_basic, grunt_megastairs_5
Zig:8

Skill      XL: |  1  2  3  4  5  6  7  8  9 10 11 12 13 14 15 16 17 18 19 20 21 22 23 24 25 26 27 |
---------------+----------------------------------------------------------------------------------+-----
Dodging        | 1 2 3 4 5 6 8 9 11 | 11.5
Stealth        | 5 6 7 8 9 10 11 14 | 14.6
Fighting       | 2 3 5 7 9 11 12 15 16 18 19 20 | 20.1
Short Blades   | 2 3 5 7 9 10 | 10.0
Throwing       | 2 3 5 6 |  6.5
Evocations     | 3 6 9 12 14 15 | 15.8
Spellcasting   | 4 6 7 9 10 12 13 14 15 17 | 17.8
Translocations | 2 4 |  4.1
Transmutations | 4 10 11 12 | 12.2
Air Magic      | 2 5 9 10 13 | 13.7
Fire Magic     | 6 8 9 13 15 | 15.8
Conjurations   | 4 5 10 13 | 13.9
Shields        | 3 7 9 |  9.6
Armour         | 3 5 7 9 11 12 | 12.1
Ranged Weapons | 3 9 10 13 | 13.5
Long Blades    | 2 6 7 8 9 |  9.2
Poison Magic   | 2 4 |  4.7
Hexes          | 3 4 |  4.9
Summonings     | 3 8 |  8.5
Earth Magic    | |  0.9

Action                     |  1- 3 |  4- 6 |  7- 9 | 10-12 | 13-15 | 16-18 | 19-21 | 22-24 | 25-27 || total
---------------------------+-------+-------+-------+-------+-------+-------+-------+-------+-------++-------
  Melee: Dagger            |    87 |    96 |   166 |   468 |  1080 |  1336 |  1019 |       |   337 ||  4589
         Bite              |    22 |    25 |    53 |   184 |   520 |   661 |   647 |   846 |  1267 ||  4225
         Punch             |       |     2 |       |     6 |    19 |     2 |       |       |       ||    29
         Katana            |       |       |       |       |       |       |   285 |  1885 |  2131 ||  4301
         Long sword        |       |       |       |       |       |       |       |       |     6 ||     6
   Fire: Sling             |       |       |       |       |       |    25 |   129 |    47 |    24 ||   225
         Hand crossbow     |       |       |       |       |       |       |       |       |   257 ||   257
  Throw: Dart              |       |     5 |    15 |    17 |    39 |    94 |    19 |     9 |     2 ||   200
         Boomerang         |       |       |       |       |       |     5 |     2 |       |       ||     7
         Throwing net      |       |       |       |       |       |       |     3 |     1 |     1 ||     5
         Javelin           |       |       |       |       |       |       |       |     7 |     4 ||    11
   Cast: Blink             |       |       |       |       |     2 |     1 |     3 |     7 |     6 ||    19
         Wereblood         |       |       |       |       |       |    40 |    10 |    27 |     5 ||    82
         Flame Wave        |       |       |       |       |       |     4 |     5 |     2 |       ||    11
         Fireball          |       |       |       |       |       |       |     3 |     2 |     1 ||     6
         Swiftness         |       |       |       |       |       |       |     1 |       |       ||     1
         Airstrike         |       |       |       |       |       |       |       |     3 |     7 ||    10
         Mephitic Cloud    |       |       |       |       |       |       |       |     2 |     3 ||     5
         Irradiate         |       |       |       |       |       |       |       |     1 |     8 ||     9
         Portal Projectile |       |       |       |       |       |       |       |       |    25 ||    25
         Summon Lightning  |       |       |       |       |       |       |       |       |    11 ||    11
         Lightning Bolt    |       |       |       |       |       |       |       |       |     1 ||     1
 Invoke: Curse Item        |       |       |       |     8 |     3 |     2 |     2 |     1 |     1 ||    17
         Shatter the Chain |       |       |       |       |     3 |     1 |     2 |     2 |       ||     8
  Evoke: Wand              |       |     2 |     6 |     2 |    12 |    10 |    15 |     4 |    26 ||    77
         Lightning rod     |       |       |       |     8 |    14 |    12 |    29 |       |    10 ||    73
         Tin of tremorston |       |       |       |       |     1 |       |     3 |     2 |       ||     6
         Phial of floods   |       |       |       |       |     1 |       |     1 |       |     1 ||     3
         Condenser vane    |       |       |       |       |       |     1 |     8 |     3 |    11 ||    23
         Box of beasts     |       |       |       |       |       |       |     2 |     3 |     1 ||     6
         Phantom mirror    |       |       |       |       |       |       |     1 |     1 |       ||     2
         Horn of Geryon    |       |       |       |       |       |       |       |       |     5 ||     5
    Use: Scroll            |       |     8 |     2 |     8 |     8 |    13 |    19 |    18 |    27 ||   103
         Potion            |       |     1 |       |     2 |     2 |       |     7 |     4 |    11 ||    27
   Stab: Sleeping          |     7 |     6 |    15 |    19 |    27 |    22 |    22 |    18 |    25 ||   161
         Distracted        |       |       |     1 |    16 |    16 |    39 |    34 |     8 |    28 ||   142
         Invisible         |       |       |       |       |     2 |       |     3 |     1 |    18 ||    24
         Held in net/web   |       |       |       |       |       |       |       |     1 |       ||     1
         Confused          |       |       |       |       |       |       |       |     1 |       ||     1
 Armour: Robe              |    16 |    14 |     5 |       |    60 |   364 |    76 |       |       ||   535
         Ring mail         |       |       |    24 |     4 |       |       |       |       |       ||    28
         Steam dragon scal |       |       |       |    77 |   184 |       |       |       |       ||   261
         Troll leather arm |       |       |       |       |       |       |   152 |   416 |   731 ||  1299
  Dodge: Dodged            |    47 |    34 |    57 |   177 |   527 |   888 |   442 |   736 |  1384 ||  4292
  Block: Buckler           |       |       |       |       |       |   266 |       |       |       ||   266
         Kite shield       |       |       |       |       |       |   466 |   759 |   930 |  1749 ||  3904
         Reflection        |       |       |       |       |       |    15 |    41 |    30 |    24 ||   110

Table legend: (Time is in decaauts)
 A = Elapsed time spent in this place.
 B = Non-inter-level travel time spent in this place.
 C = Inter-level travel time spent in this place.
 D = Time resting spent in this place.
 E = Time spent auto-exploring this place.
 F = Levels seen in this place.
 G = Mean time per level.
                   A        B        C        D        E       F      G
               +--------+--------+--------+--------+--------+-----+--------+
         Total |  79916 |  69620 |  10296 |  17606 |  26618 |  67 | 1192.8 |
       Dungeon |  18828 |  15018 |   3810 |   2497 |   8918 |  15 | 1255.2 |
          Lair |   8214 |   6754 |   1460 |   2005 |   2736 |   5 | 1642.8 |
        Shoals |   4451 |   3975 |    476 |    467 |   1659 |   4 | 1112.8 |
   Spider Nest |   5752 |   5554 |    198 |   1756 |   1536 |   4 | 1438.0 |
    Slime Pits |   2757 |   2675 |     82 |   1382 |    149 |   5 |  551.4 |
  Orcish Mines |   2214 |   1829 |    385 |    269 |    831 |   2 | 1107.0 |
   Elven Halls |   6461 |   5000 |   1461 |   1159 |   1783 |   3 | 2153.7 |
        Vaults |  10789 |   9237 |   1552 |   1927 |   3418 |   5 | 2157.8 |
         Crypt |   3533 |   3391 |    142 |    458 |   1294 |   3 | 1177.7 |
        Depths |   8687 |   8138 |    549 |   3304 |   1846 |   4 | 2171.8 |
          Hell |    960 |    940 |     20 |     42 |    383 |   1 |  960.0 |
           Zot |   5240 |   5084 |    156 |   1355 |   2062 |   4 | 1310.0 |
         Abyss |    372 |    372 |      0 |    178 |      0 |   1 |  372.0 |
      Ziggurat |   1017 |   1017 |      0 |    551 |      0 |   8 |  127.1 |
        Bazaar |     68 |     68 |      0 |      0 |      0 |   1 |   68.0 |
         Trove |     66 |     66 |      0 |      0 |      0 |   1 |   66.0 |
        Bailey |    499 |    499 |      0 |    253 |      0 |   1 |  499.0 |
               +--------+--------+--------+--------+--------+-----+--------+

Top non-repeatable levels by time:
   Elf:3: 2910 daAuts
Depths:3: 2722 daAuts
Vaults:2: 2621 daAuts
Vaults:1: 2453 daAuts
Depths:1: 2447 daAuts
   Elf:2: 2121 daAuts
     D:9: 2085 daAuts
Spider:4: 2081 daAuts
Depths:2: 2027 daAuts
Vaults:3: 2020 daAuts
  Lair:3: 1959 daAuts
    D:15: 1937 daAuts
Vaults:4: 1910 daAuts
  Lair:5: 1881 daAuts
  Lair:4: 1850 daAuts
